 Dungeon Crawl Stone Soup version 0.29.1-12-g30fa7ad0bf (webtiles) character file.

Game seed: 15973875597111407689

269 wormed the Shield-Bearer (level 6, -4/39 HPs)
             Began as a Gargoyle Fighter on Dec 21, 2022.
             Slain by a mummy (13 damage)
             ... on level 4 of the Dungeon.
             The game lasted 00:06:24 (4728 turns).

wormed the Shield-Bearer (Gargoyle Fighter)         Turns: 4728, Time: 00:06:25

Health: -4/39      AC: 14    Str: 21    XL:     6   Next: 22%
Magic:  6/6        EV:  7    Int:  9    God:
Gold:   171        SH:  4    Dex:  9    Spells: 5/5 levels left

rFire   . . .      SeeInvis .   a - +0 flail
rCold   . . .      Faith    .   c - +0 buckler
rNeg    + . .      Spirit   .   o - +0 chain mail
rPois   ∞          Reflect  .   (no helmet)
rElec   +          Harm     .   (no cloak)
rCorr   .          Rampage  .   (no gloves)
Will    .....                   (no boots)
Stlth   ..........              (no amulet)
HPRegen 0.13/turn               (no ring)
MPRegen 0.10/turn               (no ring)

@: no status effects
A: sickness immunity, AC +4, negative energy resistance 1, electricity
resistance, torment resistance 1, petrification resistance
a: no special abilities


You were on level 4 of the Dungeon.
You visited 1 branch of the dungeon, and saw 4 of its levels.
You also visited: Ossuary.

You collected 171 gold pieces.

Inventory:

Hand Weapons
 a - a +0 flail (weapon)
Armour
 c - a +0 buckler (worn)
 o - a +0 chain mail (worn)
Jewellery
 k - a ring of magical power
Wands
 n - a wand of iceblast (14)
Scrolls
 e - 3 scrolls of magic mapping
 g - a scroll of enchant armour
 i - a scroll of silence {unknown}
 j - a scroll of amnesia {unknown}
 q - a scroll of teleportation
 s - 3 scrolls of enchant weapon {unknown}
 t - 2 scrolls of blinking {unknown}
Potions
 b - a potion of flight {unknown}
 d - a potion of brilliance {unknown}
 f - 2 potions of degeneration
 h - 3 potions of haste
 l - a potion of ambrosia {unknown}
 m - a potion of cancellation {unknown}
 p - a potion of curing
 r - a potion of might


   Skills:
 + Level 4.4 Fighting
 * Level 4.2 Maces & Flails
 + Level 4.4 Armour
 + Level 4.4 Shields


You had 5 spell levels left.
You didn't know any spells.
Your spell library contained the following spells:

 Spells                   Type           Power      Damage    Failure   Level
 Leda's Liquefaction      Hex/Erth       0%         N/A       100%        4
 Lee's Rapid Deconstruct  Erth           0%         3d5*      100%        5
 Statue Form              Tmut/Erth      Unusable   N/A       N/A         6

Dungeon Overview and Level Annotations

Branches:
Dungeon (4/15)            Ossuary (visited)
 Temple: D:4-7

Altars:
Kikubaaqudgha
Yredelemnul

Shops:
D:4 ?

Annotations:
D:2 Terence


Innate Abilities, Weirdness & Mutations

You are immune to sickness and miasma.
Your stone body is resilient. (AC +4)
You are immune to poison.
You resist negative energy. (rN+)
You are resistant to electric shocks. (rElec)
You are resistant to unholy torment.
You are immune to petrification.


Message History

The killer bee zombie hits you.
The killer bee zombie completely misses you.
The mummy hits you but does no damage.
You miss the killer bee zombie.
The killer bee zombie is severely damaged.
The killer bee zombie barely misses you.
The killer bee zombie hits you but does no damage. x2
You barely miss the killer bee zombie.
The killer bee zombie is severely damaged.
The killer bee zombie hits you but does no damage.
The mummy hits you but does no damage.
You closely miss the mummy. The mummy hits you but does no damage.
You barely miss the mummy. The mummy hits you.
You are too injured to fight recklessly!
You are too injured to fight recklessly!
You are too injured to fight recklessly!
You are too injured to fight recklessly!
You are too injured to fight recklessly!
You are too injured to fight recklessly!
You are too injured to fight recklessly!
You are too injured to fight recklessly!
You are too injured to fight recklessly!
You are too injured to fight recklessly!
You are too injured to fight recklessly!
There is a gate leading back out of this place here.
Welcome back to the Dungeon!
You block the endoplasm's attack.
There is a collapsed entrance here.
A goblin comes into view. It is wielding a +0 dagger.
The goblin shouts!
You hit the mummy but do no damage. The endoplasm freezes you.
You are frozen.
The mummy barely misses you.
You barely miss the mummy. The endoplasm barely misses you.
The endoplasm freezes you.
You are frozen.
* * * LOW HITPOINT WARNING * * *
You hit the mummy.
The mummy is moderately damaged.
The mummy hits you!
You die...

..## ###... .
###....##... #
##............
#.##......g..... .
##..............##..
.......8.....##....
........@........# ..
.....8.JM8.......## ...
..##.....(........##...
##..8....†###...<..
#.#........##....#
#.....>...........###
#.##....##.#.........
.. ###...####........
## ###....##........


You could see a mummy, an endoplasm and a goblin.

Vanquished Creatures
  A bullfrog zombie (Ossuary)
  Jessica (D:3)
  Ijyb (D:3)
  Natasha (thrice) (D:2)
  5 adders
  2 worms
  2 dart slugs (D:1)
  4 orcs (D:3)
  6 ball pythons
  2 endoplasms
  2 giant cockroaches (D:1)
  5 hobgoblins
  6 kobolds
  2 quokkas
  7 bats
  2 frilled lizards
  5 goblins
  4 rats
60 creatures vanquished.

Vanquished Creatures (others)
  5 withered plants (Ossuary)
5 creatures vanquished.

Grand Total: 65 creatures vanquished

Notes
Turn   | Place    | Note
-------+----------+-------------------------------------------
     0 | D:1      | wormed the Gargoyle Fighter began the quest for the Orb.
     0 | D:1      | Reached XP level 1. HP: 14/14 MP: 1/1
   172 | D:1      | Reached XP level 2. HP: 13/19 MP: 2/2
  1076 | D:1      | Reached XP level 3. HP: 23/23 MP: 3/3
  1299 | D:2      | Noticed Natasha
  1305 | D:2      | Killed Natasha
  1450 | D:2      | Noticed Natasha
  1453 | D:2      | Reached XP level 4. HP: 29/29 MP: 4/4
  1456 | D:2      | Killed Natasha
  1521 | D:2      | Noticed Terence
  2019 | D:2      | Noticed Natasha
  2195 | D:2      | Killed Natasha
  2196 | D:2      | Reached XP level 5. HP: 18/33 MP: 5/5
  2593 | D:2      | Found a basalt altar of Yredelemnul.
  3340 | D:3      | Found an ancient bone altar of Kikubaaqudgha.
  3418 | D:3      | Found a faded altar of an unknown god.
  3492 | D:3      | Noticed Ijyb
  3500 | D:3      | Killed Ijyb
  3941 | D:3      | Noticed Jessica
  3951 | D:3      | Killed Jessica
  3952 | D:3      | Reached XP level 6. HP: 27/38 MP: 6/6
  4553 | D:4      | Found Qacenweff's Antique Weapon Emporium.
  4562 | D:4      | Found Vuvvumpi's Magic Scroll Boutique.
  4578 | D:4      | Found a sand-covered staircase.
  4599 | Ossuary  | Entered an ossuary
  4728 | D:4      | Slain by a mummy

Illustrated notes

Levels and vault maps discovered:
D:1:      dpeg_arrival_boxorama, layout_basic
D:2:      layout_loops_ring, basic_altar, kennysheep_generic_room_13,
          uniq_natasha, uniq_terence
D:3:      layout_basic, mainiacjoe_overflow_brackets,
          shapermc_ecumenical_altar_gd, nicolae_figureground_pulse,
          uniq_jessica, uniq_ijyb
D:4:      layout_cave_pools, nicolae_ossuary_entry_monument, serial_shops,
          nicolae_shop_behind_doors, nicolae_shop_crystal, shop_fountains,
          nicolae_shop_behind_doors

Skill      XL: |  1  2  3  4  5 |
---------------+----------------+-----
Maces & Flails | 3 4 |  4.2
Armour         | 4 |  4.4
Shields        | 4 |  4.4
Fighting       | 4 |  4.4

Action                   |  1- 3 |  4- 6 || total
-------------------------+-------+-------++-------
Melee: Flail             |    75 |   184 ||   259
  Use: Potion            |       |     5 ||     5
       Scroll            |       |     4 ||     4
Armor: Scale mail        |    38 |    53 ||    91
       Chain mail        |       |    63 ||    63
Dodge: Dodged            |    30 |    80 ||   110
Block: Buckler           |    16 |    45 ||    61
